[Event "Early-Titled-Tuesday-Blitz-March-26-2024"]
[Site "Chess.com"]
[Date "2024.03.26"]
[Round "8"]
[White "Likvidator228"]
[Black "lagunanivaria"]
[Result "1-0"]
[WhiteElo "2582"]
[BlackElo "2450"]
[TimeControl "180+1"]
[EndTime "9:27:15 PDT"]
[Termination "Likvidator228 won on time"]

1. d4 Nf6 2. Bf4 d5 3. e3 Bf5 4. c4 e6 5. Nc3 Bb4 6. Qb3 Nc6 7. a3 Bxc3+ 8. bxc3 Na5 9. Qa4+ c6 10. c5 O-O 11.
Nf3 b6 12. cxb6 axb6 13. Qb4 Nd7 14. Be2 Re8 15. O-O f6 16. c4 dxc4 17. Bxc4 c5 18.
dxc5 bxc5 19. Qc3 Nxc4 20. Qxc4 Qc8 21. e4 Bg6 22. Rfd1 Bf7 23. e5 Nb6 24. Qb5 Nd5 25. Bd2 Qa6 26. Qxc5 Bh5 27. exf6 Bxf3 28. gxf3 gxf6 29.
Qd4 Kf7 30. Kh1 Rg8 31. Qe4 Rg6 32. Rg1 Rag8 33. Rxg6 Rxg6 34. Rg1 Qxa3 35. Rxg6 hxg6 36. Be3 Qa8 37. Kg2 Qh8 38. Qc4 Qb8 39. Qc6 Qe8 40.
Qb7+ Qe7 41. Qc6 Qe8 42. Qb7+ Kg8 43. Qa6 Qf7 44. Qc8+ Kg7 45. Qc4 Ne7 46. Qe4 Nf5 47.
Qc4 Qd7 48. Qc5 Kf7 49. Qc4 Qd5 50. Qxd5 exd5 51. Bd2 Ke6 52. Kf1 Nd4 53. Kg2 Kf5 54. Bc3 Ne6 55. Bd2 d4 56. Kf1 Ke5 57. Ke2 Kd5 58. Kd3 Nc5+ 59. Ke2 Kc4 60. Bh6 Nd3 61. Bg7 f5 62. h4 Nf4+ 63. Kd2 Ne6 64. Bf6 Nc5 65. Be5 Nb3+ 66. Ke2 Nc1+ 67. Kd2 Nd3 68. Bg3 Nc5 69. Be5 d3 70. Ke3 Nb3 71. Bb2 Nc5 72. Kd2 Ne6 73. Be5 Nc7 74. Ke3 Nd5+ 75. Kd2 Ne7 76. Ke3 Nc6 77. Bf6 Nb4 78. Bb2 Nc2+ 79. Kd2 Nd4 80. Ke3 Ne6 81. Kd2 Nf4 82.
Be5 Ng2 83. Bg3 f4 84. Bh2 Kd4 85. Kd1 Kc3 86. Kc1 d2+ 87. Kd1 Kd3 88. h5 gxh5 89.
Bxf4 Nh4 90. Bxd2 Nxf3 91. Bf4 1-0

[Event "Early-Titled-Tuesday-Blitz-March-26-2024"]
[Site "Chess.com"]
[Date "2024.03.26"]
[Round "8"]
[White "RandomNoob04"]
[Black "temus_galaktionov"]
[Result "1-0"]
[WhiteElo "2676"]
[BlackElo "2874"]
[TimeControl "180+1"]
[EndTime "9:27:30 PDT"]
[Termination "RandomNoob04 won on time"]

1. e4 c6 2. c4 g6 3. d4 d6 4. Nc3 Bg7 5. h4 Qb6 6. d5 Nd7 7. h5 Nc5 8. Nge2 a5 9. h6 Bf6 10. Qc2 Qb4 11. Ng3 a4 12. Bd2 Qb6 13. O-O-O Bd7 14.
Be3 Qb4 15. Bd2 Qb6 16. Be3 Qa5 17. Bd2 Qa6 18. f4 Qb6 19. Be3 Qa5 20. Bd2 Qc7 21. Be3 e6 22. e5 Be7 23. Bxc5 cxd5 24. Bxd6 Bxd6 25. exd6 Qxd6 26. Nge2 Nf6 27. cxd5 exd5 28. Qd3 O-O 29. Qd4 Rfc8 30. Kb1 b5 31. Nxd5 Bf5+ 32.
Ka1 Qxd5 33. Qxd5 Nxd5 34. Rxd5 b4 35. Rd1 Ra5 36. Nd4 Be4 37. Rg1 Rac5 38. Be2 Kf8 39.
Bf3 Bxf3 40. Nxf3 f6 41. Kb1 Rc4 42. Rc1 Ke7 43. Rge1+ Kf7 44. g3 R8c5 45. Rxc4 Rxc4 46. Rc1 Re4 47. Rc7+ Kg8 48. Rg7+ Kh8 49. Rf7 Kg8 50.
Rxf6 Re3 51. Ng5 Rxg3 52. Rb6 Kf8 53. Rb8+ Ke7 54. Rxb4 Rg1+ 55. Kc2 Rh1 56. Rb7+ Kd6 57. Rxh7 Rh2+ 58. Kc3 Kc6 59. Ra7 Rxh6 60. Rxa4 Rh2 61.
Ra6+ Kb5 62. Rxg6 Rf2 63. b3 Rxa2 64. Rf6 Rf2 65. Rf5+ Kc6 66. Ne4 Rf3+ 67. Kc4 Rf1 68. Rf6+ Kd7 69. Kd5 Ke7 70. Re6+ Kf8 71. Rf6+ Ke7 72.
Rf5 Rb1 73. Nc5 Rd1+ 74. Kc4 Rc1+ 75. Kb5 Kd6 76. b4 Rb1 77. Re5 Rf1 78. Re4 Kd5 79.
Rc4 Rf3 80. Na4 Rf1 81. Nc3+ Kd6 82. Kb6 Rb1 83. b5 Rb2 84. Kb7 Rb3 85. b6 Kd7 86.
Rc7+ Kd6 87. Ne4+ Kd5 88. Nc5 Rb4 89. f5 Ke5 90. Na6 Rb1 91. Rc5+ Kd6 92. Kc8 Rxb6 93. Ra5 Ke7 94. Nc7 1-0

[Event "Early-Titled-Tuesday-Blitz-March-26-2024"]
[Site "Chess.com"]
[Date "2024.03.26"]
[Round "8"]
[White "Bada_norovsambuu"]
[Black "AdvanceGuard4"]
[Result "1/2-1/2"]
[WhiteElo "2228"]
[BlackElo "2624"]
[TimeControl "180+1"]
[EndTime "9:27:31 PDT"]
[Termination "Game drawn by agreement"]

1. Nf3 g6 2. d4 Bg7 3. c4 Nf6 4. g3 d6 5. Bg2 O-O 6. O-O Nbd7 7. Nc3 e5 8. dxe5 dxe5 9. Bg5 c6 10. Ne4 Qc7 11. Qd6 Qxd6 12. Nxd6 h6 13. Bxf6 Bxf6 14. Rfd1 Nc5 15. Nxc8 Raxc8 16. Rd6 Be7 17. Rd2 f6 18. Nh4 Kf7 19. Rad1 Rfd8 20. Bh3 Rxd2 21.
Rxd2 Rd8 22. Rxd8 Bxd8 23. Ng2 Na4 24. Bc8 b6 25. Bd7 Nxb2 26. Bxc6 Ke7 27. Ne3 Kd6 28. Be8 g5 29. Kf1 Kc5 30. Bf7 Na4 31. Ke1 Nc3 32. a3 Nb1 33. Nc2 f5 34. Kd1 e4 35. Kc1 Nc3 36. Kd2 Bf6 37. Bg6 f4 38. Bf7 Nb1+ 39. Kc1 Nc3 40. Kd2 a5 41. gxf4 gxf4 42. f3 Nb1+ 43.
Kc1 Nc3 44. Kd2 Bd4 45. fxe4 Nxe4+ 46. Kd3 Nf2+ 47. Kd2 Bb2 48. Be6 Ne4+ 49. Kd3 Ng5 50. Bf5 Nf7 51. a4 Ne5+ 52. Ke4 Nxc4 53. Kxf4 Bc1+ 54.
Kg4 Nb2 55. Bd7 Kd6 56. Bb5 Bd2 57. Nd4 Bb4 58. Nf5+ Ke5 59. Nxh6 Bc3 60. Kf3 Kf6 61. Ng4+ Kg5 62. h3 Kh4 63. Kg2 Bd4 64. e4 Nd1 65.
e5 Ne3+ 66. Nxe3 Bxe3 67. e6 Bc5 68. e7 Bxe7 69. Bd7 Bc5 70. Kh2 Bd6+ 71. Kg2 Bc7 72. Kf3 Bd6 73. Ke4 Bc5 74. Kd5 Kg3 75. Kc4 Kh4 76.
Kb5 Kg3 77. Bc6 Kf4 78. Bd7 Kg3 79. Bc6 Kxh3 80. Bd7+ Kg3 81. Bc6 Kf4 82. Bd7 Ke3 83.
Bc6 Kd2 84. Kc4 Kc2 85. Bb5 Kb2 86. Bc6 Ka3 87. Bb5 Kb2 88. Bc6 Ka3 89. Bb5 Bg1 90. Bc6 Kb2 91. Bb5 Kc1 92. Bc6 Kd2 93. Bb5 Ke3 94.
Bc6 Kf4 95. Bb5 Ke5 96. Ba6 Kd6 97. Bb5 Ke7 98. Ba6 Kd7 99. Bb5+ Kd8 100. Kd5 Kc7 101. Bc4 Bc5 102. Bb5 Kb7 103. Ke6 Bb4 104. Kd5 Bc5 105. Ke6 1/2-1/2

[Event "Early-Titled-Tuesday-Blitz-March-26-2024"]
[Site "Chess.com"]
[Date "2024.03.26"]
[Round "8"]
[White "FGHSMN"]
[Black "vladislavkovalev"]
[Result "1/2-1/2"]
[WhiteElo "2964"]
[BlackElo "2875"]
[TimeControl "180+1"]
[EndTime "9:27:36 PDT"]
[Termination "Game drawn - insufficient material"]

1. e4 e5 2. Nf3 Nc6 3. Nc3 Nf6 4.
Bb5 Bd6 5. d3 O-O 6. O-O a6 7.
Bxc6 dxc6 8. h3 c5 9. b3 Re8 10. Ne2 Nd7 11. Nh2 a5 12. a4 b6 13. f4 exf4 14. Bxf4 Ne5 15. Ng3 Be6 16. Qd2 Ng6 17.
Bxd6 Qxd6 18. Qf2 f6 19. Nf3 Rad8 20. Rae1 Bc8 21. Kh1 Re7 22. h4 Ne5 23. Nxe5 Rxe5 24.
Qf4 Rde8 25. Ne2 f5 26. Ng3 Qe7 27. Rf2 fxe4 28. Rxe4 Rxe4 29. Nxe4 Bb7 30. Ng3 h6 31. Nf5 Qe1+ 32. Kh2 Qe5 33. Kg3 Bc8 34. d4 Qxf4+ 35.
Rxf4 Bxf5 36. Rxf5 cxd4 37. Rd5 Re2 38. Rxd4 Rxc2 39. Rd3 h5 40. Kf3 Kf7 41. g4 hxg4+ 42. Kxg4 Ke6 43. Rg3 c5 44. Kg5 Kf7 45. Rf3+ Kg8 46.
Re3 c4 47. bxc4 Rxc4 48. Re6 Rb4 49. Kg6 Rg4+ 50. Kh5 Rg1 51. Rxb6 Kh7 52. Rb7 Rg3 53. Ra7 Rg2 54. Rb7 Ra2 55. Kg5 Rxa4 56. h5 Ra1 57.
Ra7 a4 58. h6 Rg1+ 59. Kh4 Rh1+ 60. Kg3 Rxh6 61. Rxa4 Rg6+ 62. Kh2 Rf6 63. Kg1 Kg6 64.
Rg4+ Kh6 65. Ra4 g5 66. Ra1 Kh5 67. Rb1 Rf4 68. Ra1 Kg4 69. Rb1 Kg3 70. Rc1 Rf3 71. Ra1 Re3 72. Rb1 g4 73. Ra1 Rf3 74. Rb1 Kh3 75. Ra1 Rg3+ 76. Kh1 Re3 77. Kg1 Re2 78. Ra3+ g3 79. Ra1 Rg2+ 80. Kh1 Rd2 81. Kg1 Re2 82. Kh1 Re3 83. Kg1 Kg4 84. Rb1 Kf3 85.
Ra1 g2 86. Rb1 Rd3 87. Ra1 Rc3 88. Rd1 Re3 89. Ra1 Kg3 90. Rb1 Kh3 91. Ra1 Rf3 92. Rb1 Re3 93. Ra1 Kg3 94. Ra3 Rf3 95. Rb3 Kf4 96.
Rb2 Rg3 97. Rxg2 Kf3 98. Rxg3+ Kxg3 1/2-1/2

[Event "Early-Titled-Tuesday-Blitz-March-26-2024"]
[Site "Chess.com"]
[Date "2024.03.26"]
[Round "8"]
[White "Suleyman_Chess06"]
[Black "Sanan_Sjugirov"]
[Result "0-1"]
[WhiteElo "2725"]
[BlackElo "3028"]
[TimeControl "180+1"]
[EndTime "9:27:42 PDT"]
[Termination "Sanan_Sjugirov won by resignation"]

1. Nf3 Nf6 2. g3 g6 3. Bg2 Bg7 4. O-O d5 5. d4 O-O 6. c4 Nc6 7. cxd5 Nxd5 8. e3 Nb6 9. Nc3 Re8 10. Nd2 e5 11. d5 Nb4 12. Qb3 Nd3 13. Qc2 Nb4 14.
Qb3 a5 15. a3 Nd3 16. Qc2 Nc5 17. Nb5 Bf8 18. Rd1 Bf5 19. e4 Bd7 20. Nc3 a4 21.
Nf3 Nb3 22. Rb1 Bg4 23. h3 Bxf3 24. Bxf3 Nd4 25. Qd3 c5 26. Bg2 Nc8 27. Be3 Nd6 28. Ne2 b5 29. Nxd4 exd4 30. Bd2 Bg7 31. Re1 c4 32.
Qf3 d3 33. Bc3 Bxc3 34. bxc3 Qg5 35. h4 Qe5 36. Qf4 f6 37. Qxe5 fxe5 38. f3 Kg7 39.
Kf2 h6 40. Ke3 g5 41. h5 Rf8 42. g4 Rf7 43. Rf1 Kf8 44. Rb2 Ke7 45. Re1 Kd7 46. Rbb1 Kc7 47. Red1 Kb6 48. Rd2 Kc5 49. Rb4 Raf8 50. Rdb2 Rf4 51. Rb1 Ra8 52. R1b2 Ra5 53. Rb1 Rf8 54. R1b2 Ne8 55. Rb1 Nc7 56. R1b2 Ra6 57.
Rb1 Rb6 58. R4b2 Rd6 59. Rb4 Rb6 60. R4b2 Rfb8 61. Rc1 Na6 62. Rcb1 Kd6 63. Rf1 Nc5 64. Rd1 Nb3 65. Bf1 Rf8 66. Bg2 Rb7 67. Bf1 Rbf7 68.
Bg2 Kc5 69. Rf1 Rf4 70. Rd1 R4f6 71. Rf1 R6f7 72. Rd1 Rf4 73. Rf1 Nd4 74. cxd4+ exd4+ 75. Kf2 Rxe4 76. Rfb1 Re2+ 77. Rxe2 dxe2 78. Kxe2 d3+ 79.
Kf2 Re8 80. f4 gxf4 81. Bf3 d2 82. Bd1 c3 83. Kf3 Re1 84. Kxf4 Rxd1 85. Rxd1 c2 86. Rxd2 c1=Q 87. Ke3 Qxa3+ 88. Rd3 Qc1+ 89. Ke2 Qc4 90. d6 Qxg4+ 91. Ke3 Qd7 92. Kf4 b4 93. Ke5 b3 94.
Rc3+ Kb4 95. Rc7 Qd8 96. Ke6 b2 97. Rb7+ Ka3 98. d7 Ka2 99. Rb8 Qxb8 100. d8=Q 0-1

[Event "Early-Titled-Tuesday-Blitz-March-26-2024"]
[Site "Chess.com"]
[Date "2024.03.26"]
[Round "8"]
[White "Russian_berezka"]
[Black "MyDream003"]
[Result "1/2-1/2"]
[WhiteElo "2589"]
[BlackElo "2796"]
[TimeControl "180+1"]
[EndTime "9:27:56 PDT"]
[Termination "Game drawn by repetition"]

1. e4 c5 2. d4 cxd4 3. c3 Nf6 4. e5 Nd5 5. cxd4 d6 6. Nf3 Nc6 7. Bc4 Nb6 8. Bb3 e6 9. O-O Be7 10. Nc3 dxe5 11. dxe5 Qxd1 12. Rxd1 O-O 13. Be3 Na5 14. Nd4 Nac4 15. Ndb5 Nxe3 16. fxe3 Bd7 17. Nd6 Bc6 18.
Rac1 Rfd8 19. Kf2 Nd7 20. Nc4 Nc5 21. Bc2 Rxd1 22. Rxd1 Rd8 23. Rxd8+ Bxd8 24. b4 b5 25. bxc5 bxc4 26. Be4 Ba5 27. Bxc6 Bxc3 28. Bb5 Bxe5 29. Bxc4 Kf8 30. h3 Ke7 31. Bb5 Bc7 32. Kf3 f5 33. e4 Kf6 34. Ke3 f4+ 35. Kd4 h5 36. Be2 g6 37.
Kc4 Ke5 38. Bf3 Kf6 39. Kb5 Ke7 40. Kc6 Kd8 41. Be2 a5 42. Bc4 e5 43. Bf7 h4 44.
Bxg6 Bb8 45. Kd5 Bc7 46. Ke6 Kc8 47. Bf7 Kd8 48. Kf5 Kc8 49. Be6+ Kb7 50. Bd7 Kb8 51. Kg5 Bd8+ 52. Kg6 Kc7 53. c6 Kd6 54. Kf5 Be7 55.
Be8 Bd8 56. Kg6 Bc7 57. Kf7 Bd8 58. Bd7 Bc7 59. Kg6 Bd8 60. Kf5 Bc7 61. Kg4 Bd8 62. Kf3 Kc5 63. Ke2 Kd6 64. Kd3 Kc5 65. a4 Bc7 66.
Ke2 Bd8 67. Kf3 Kb4 68. Kg4 Kc5 69. Kf5 Kd6 70. Be8 Bc7 71. Kg6 Ke7 72. Bd7 Kd6 73. Kg5 Bd8+ 74. Kf5 Bc7 75. Be8 Bd8 76. Kg4 Kc5 77. Kf3 Kd6 78. Ke2 Bc7 79. Kf3 Bd8 80.
Bf7 Ke7 81. Bc4 Kd6 82. Bb5 Bc7 83. Kg4 Bd8 84. Kf5 Bc7 85. Kg6 Bb6 86. Kg5 Bd8+ 87.
Kg4 Be7 88. Bc4 Kxc6 89. Kf5 Kd6 90. Bb5 Bd8 91. Kg4 Be7 92. Kf3 Kc5 93. Be8 Kd4 94. Bd7 Bd8 95. Bb5 Bc7 96. Be8 Bd6 97. Bd7 Be7 98.
Bb5 Bd8 99. Be8 Be7 100. Bb5 Bd8 101. Be8 Be7 1/2-1/2

[Event "Early-Titled-Tuesday-Blitz-March-26-2024"]
[Site "Chess.com"]
[Date "2024.03.26"]
[Round "8"]
[White "arenal72"]
[Black "jaskol95"]
[Result "1/2-1/2"]
[WhiteElo "2611"]
[BlackElo "2476"]
[TimeControl "180+1"]
[EndTime "9:27:58 PDT"]
[Termination "Game drawn by repetition"]

1. Nf3 d5 2. g3 Nf6 3. Bg2 c5 4. O-O Nc6 5. d3 Bg4 6. Nbd2 e6 7.
h3 Bh5 8. e4 dxe4 9. dxe4 Nd4 10. c3 Nxf3+ 11. Bxf3 Bxf3 12. Qxf3 Be7 13. Nc4 Qc8 14. Bf4 O-O 15. Qe2 e5 16. Bxe5 Qxh3 17. Bxf6 Bxf6 18. e5 Rfe8 19. Qf3 Bxe5 20. Rfe1 Bf6 21.
Qxb7 Rad8 22. Rxe8+ Rxe8 23. Nd6 Rf8 24. Re1 h5 25. Re8 Rxe8 26. Qxf7+ Kh7 27. Nxe8 Be5 28. Qd5 Qf5 29. Nd6 Qb1+ 30. Kg2 Bxd6 31. Qxd6 Qe4+ 32. Kh2 Qe2 33. Qxc5 Qxb2 34. Qxh5+ Kg8 35. Qe8+ Kh7 36. Qe4+ Kh6 37. Qe3+ Kg6 38. c4 Qxa2 39. c5 Qc4 40. Qe5 a5 41. Qd6+ Kh7 42. c6 a4 43. c7 a3 44. Qd7 a2 45. Qf5+ g6 46. Qd7+ Kh6 47.
c8=Q Qxc8 48. Qxc8 a1=Q 49. Qf8+ Kh5 50. Qf4 g5 51.
Qf7+ Kh6 52. Qe6+ Kh5 53. Qf5 Kh6 54. Kg2 Qb2 55. Qe4 Qc3 56. Qe6+ Kg7 57. Qd7+ Kg6 58.
Kh3 Qc1 59. Kg2 Qc2 60. Qe6+ Kg7 61. Qe3 Qc6+ 62. Qf3 Qe6 63. Qh5 Qd5+ 64. Kh2 Qe5 65. Qg4 Qd5 66. Qa4 Kg6 67. Qa3 Qf5 68. Kg2 Qd5+ 69.
Qf3 Qc5 70. Qe3 Qd5+ 71. Kg1 g4 72. Qf4 Qd1+ 73. Kg2 Kg7 74. Qg5+ Kf7 75. Qf5+ Kg7 76. Qf4 Kg6 77. Kh2 Qe2 78. Kg1 Kg7 79. Kg2 Kg6 80.
Qe3 Qd1 81. Qe4+ Kg5 82. Kh2 Kf6 83. Kg2 Kg5 84. Qe3+ Kf6 85. Kh2 Kg6 86. Kg2 Kf6 87. f3 gxf3+ 88. Qxf3+ Qxf3+ 89. Kxf3 Kf5 90. g4+ Kg5 91. Kg3 Kg6 92. Kf4 Kf6 93. Kf3 Kg5 94.
Kg3 Kg6 95. Kh4 Kh6 96. g5+ Kg6 97. Kg4 Kg7 98. Kf5 Kf7 99. Kf4 Kg6 100. Kg4 Kg7 101. Kh5 Kh7 102. g6+ Kg7 103. Kg5 Kg8 104. Kh4 Kg7 105. Kh5 Kg8 106. Kg5 Kg7 107. Kf5 Kg8 108. Kf6 Kf8 109. Kg5 Kg7 110. Kh5 Kg8 111. Kg4 Kg7 112. Kf5 Kg8 113. Kf6 Kf8 114. Kg5 Kg7 1/2-1/2

[Event "Early-Titled-Tuesday-Blitz-March-26-2024"]
[Site "Chess.com"]
[Date "2024.03.26"]
[Round "8"]
[White "MatthewG-p4p"]
[Black "Goryachkina"]
[Result "1/2-1/2"]
[WhiteElo "2867"]
[BlackElo "2682"]
[TimeControl "180+1"]
[EndTime "9:29:45 PDT"]
[Termination "Game drawn by 50-move rule"]

1. f4 d5 2. Nf3 Nf6 3. g3 g6 4. Bg2 Bg7 5. O-O O-O 6. d3 Nc6 7. Nc3 d4 8. Ne4 Nd5 9. Bd2 Bg4 10. c4 dxc3 11. Nxc3 Bxf3 12. Bxf3 e6 13. Rc1 Nd4 14. Bg2 c6 15. e3 Nf5 16. Nxd5 exd5 17. Qb3 Qb6 18.
d4 Rfe8 19. Rfe1 Qxb3 20. axb3 Nd6 21. Bb4 Ne4 22. Ra1 a6 23. Kf1 f5 24. Ke2 Kf7 25. Bf3 h5 26. Kd3 Re6 27. Re2 Rae8 28. Be1 Bf8 29. h3 Nf6 30. Bf2 Bd6 31. Rg1 Ne4 32.
Be1 Nf6 33. g4 hxg4 34. hxg4 Nxg4 35. Bxg4 fxg4 36. Rxg4 Rh8 37. Reg2 Rh3 38. Bd2 Rf6 39. Ba5 Bxf4 40. Bd2 Bd6 41. Kc2 Kg7 42. e4 dxe4 43.
Rxe4 Rf7 44. Bc3 Rh2 45. d5+ Kf8 46. Rxh2 Bxh2 47. Bb4+ Kg7 48. Bc3+ Kf8 49. dxc6 bxc6 50. Re6 Rc7 51. Rxg6 Ke8 52. Kd3 Kd7 53. Kc4 Kc8 54.
Ba5 Rd7 55. Rxc6+ Kb7 56. Rb6+ Ka7 57. Rh6 Bc7 58. Bc3 Bb6 59. Rg6 Rc7+ 60. Kd5 Rd7+ 61. Kc6 Rc7+ 62. Kd6 Rb7 63. Rg8 Rh7 64. Kd5 Rd7+ 65.
Ke6 Rc7 66. Be5 Rh7 67. Kd5 Kb7 68. Bc3 Rd7+ 69. Ke6 Rc7 70. Rh8 Rc8 71. Rh7+ Rc7 72. Rh3 Rc6+ 73. Kd5 Rc5+ 74. Ke4 Rc7 75. Be5 Re7 76.
Kd5 Bc7 77. Bf6 Rd7+ 78. Kc4 Bb6 79. Be5 Bc7 80. Bc3 Bb6 81. b4 Kc6 82. Rh6+ Rd6 83. Rh7 Re6 84. Rh5 Re4+ 85. Kb3 Re6 86. Rg5 Ba7 87.
Ra5 Kb7 88. Rf5 Kc6 89. Ka4 Bb6 90. Rh5 Rd6 91. Rh8 Re6 92. Rc8+ Kb7 93. Rc4 Rc6 94. Re4 Rd6 95. b5 axb5+ 96. Kxb5 Rd5+ 97. Kc4 Rd6 98. Re7+ Kc6 99. Rh7 Re6 100. Rh4 Rd6 101. b4 Re6 102. Rh7 Bc7 103. b5+ Kb6 104. Bd4+ Kb7 105. Kd5 Rd6+ 106. Kc4 Re6 107. b6 Rxb6 108. Bxb6 Kxb6 109. Kd5 Kb7 110. Rh3 Bb6 111. Rb3 Ka7 112. Kc6 Bf2 113. Rb2 Bg1 114. Ra2+ Kb8 115. Rg2 Be3 116. Rg4 Ka8 117. Rg8+ Ka7 118. Re8 Bf2 119. Re7+ Ka8 120. Re2 Ba7 121. Ra2 Kb8 122. Ra1 Ka8 123. Rf1 Bb8 124. Kb6 Ba7+ 125. Ka6 Bb8 126. Rf7 Bd6 127. Rh7 Bb8 128. Rd7 Bg3 129. Kb5 Bf4 130. Kc6 Bb8 131. Rd3 Be5 132. Ra3+ Kb8 133. Ra5 Bf4 134. Rf5 Bg3 135. Rf3 Bh2 136. Rf8+ Ka7 137. Rh8 Bg3 138. Re8 Bh2 139. Re2 Bg3 140. Re4 Bh2 141. Ra4+ Kb8 142. Rg4 Be5 143. Kb6 Bc7+ 144. Kc5 Be5 145. Kc6 Bh2 146. Rg8+ Ka7 147. Rh8 Bg3 148. Rh3 Bf4 149. Ra3+ Kb8 150. Ra4 Bg3 151. Rb4+ Ka8 152. Rb3 Bh2 153. Ra3+ Kb8 154. Kb6 Bg1+ 155. Kb5 Bh2 156. Rh3 Bf4 157. Kc6 Ka8 158. Rb3 Bb8 1/2-1/2

[Event "Early-Titled-Tuesday-Blitz-March-26-2024"]
[Site "Chess.com"]
[Date "2024.03.26"]
[Round "9"]
[White "AquivaRubinstein"]
[Black "ploxoi"]
[Result "1-0"]
[WhiteElo "2590"]
[BlackElo "2431"]
[TimeControl "180+1"]
[EndTime "9:38:55 PDT"]
[Termination "AquivaRubinstein won by resignation"]

1. d4 e6 2. c4 d5 3. Nc3 c6 4.
e3 Nf6 5. Nf3 Nbd7 6. Bd3 dxc4 7. Bxc4 b5 8. Bd3 Bb7 9. e4 b4 10. Na4 c5 11. dxc5 Nxe4 12. O-O Nexc5 13. Nxc5 Bxc5 14.
Bb5 Qe7 15. Ne5 O-O 16. Qxd7 Qg5 17. Bxg5 1-0

[Event "Early-Titled-Tuesday-Blitz-March-26-2024"]
[Site "Chess.com"]
[Date "2024.03.26"]
[Round "9"]
[White "lucasran"]
[Black "lagunanivaria"]
[Result "1-0"]
[WhiteElo "2612"]
[BlackElo "2445"]
[TimeControl "180+1"]
[EndTime "9:39:27 PDT"]
[Termination "lucasran won by resignation"]

1. e4 c6 2. d4 d5 3. exd5 cxd5 4. Bd3 Nc6 5. c3 Nf6 6. Bf4 Bg4 7. Qb3 e6 8. Qxb7 Rc8 9. Ba6 Ne7 10. Bb5+ Nd7 11. Nd2 Nf5 12. Ngf3 Nd6 13. Qxd7+ Qxd7 14. Bxd7+ Kxd7 15. Ne5+ 1-0

[Event "Early-Titled-Tuesday-Blitz-March-26-2024"]
[Site "Chess.com"]
[Date "2024.03.26"]
[Round "9"]
[White "Masterbeaterr"]
[Black "arenal72"]
[Result "0-1"]
[WhiteElo "2454"]
[BlackElo "2616"]
[TimeControl "180+1"]
[EndTime "9:39:37 PDT"]
[Termination "arenal72 won by resignation"]

1. d4 Nf6 2. c4 e6 3. Nc3 Bb4 4. f3 d5 5. a3 Bxc3+ 6. bxc3 c5 7. cxd5 Nxd5 8. dxc5 Qa5 9. e4 Nf6 10. Be3 O-O 11. Qb3 Qc7 12. Bb5 Nfd7 13. Qb4 Nc6 14.
Bxc6 bxc6 15. Ne2 Ba6 16. Nd4 Rab8 17. Qa4 Nxc5 18. Qxc6 Nd3+ 19. Kd2 Rb2+ 20. Kd1 Qa5 21. Nc2 Rc8 22. Qd6 Rxc2 0-1

[Event "Early-Titled-Tuesday-Blitz-March-26-2024"]
[Site "Chess.com"]
[Date "2024.03.26"]
[Round "9"]
[White "KnightmareJoker"]
[Black "Gorbaev"]
[Result "1-0"]
[WhiteElo "2320"]
[BlackElo "2471"]
[TimeControl "180+1"]
[EndTime "9:39:37 PDT"]
[Termination "KnightmareJoker won by resignation"]

1. e4 c5 2. Nf3 e6 3. d4 cxd4 4. Nxd4 a6 5. Nc3 b5 6. Be2 Bb7 7. O-O Nc6 8. Re1 Rc8 9. Bf3 Nge7 10. Nd5 Ng6 11. Be3 Nxd4 12. Bxd4 Rc4 13. b3 Rc6 14. a4 b4 15. a5 Bc5 16. Bxg7 Qh4 17. Nf6+ 1-0

[Event "Early-Titled-Tuesday-Blitz-March-26-2024"]
[Site "Chess.com"]
[Date "2024.03.26"]
[Round "9"]
[White "Shiner22"]
[Black "mertfelin"]
[Result "1-0"]
[WhiteElo "2341"]
[BlackElo "2396"]
[TimeControl "180+1"]
[EndTime "9:40:04 PDT"]
[Termination "Shiner22 won by resignation"]

1. e4 e5 2. Nf3 Nc6 3. Bc4 Bc5 4. O-O Nf6 5. d4 Bxd4 6. Nxd4 Nxd4 7. Bg5 d6 8. f4 Be6 9. Na3 Qe7 10. f5 Bxc4 11. Nxc4 Rg8 12. Ne3 c6 13. c3 Nb5 14.
a4 Nc7 15. c4 Na6 16. a5 h6 17. Bh4 O-O-O 18. Qa4 Nc5 19. Qc2 Qc7 20. Bxf6 gxf6 21. b4 Nd7 22. a6 Kb8 23. axb7 Qxb7 24. b5 cxb5 25. cxb5 Nc5 26. Nd5 Rg4 27. Nxf6 Rg5 28. Rfd1 Rdg8 29. Nxg8 Rxg8 30. Rxd6 Nxe4 31. Rc6 f6 32.
Qxe4 1-0

[Event "Early-Titled-Tuesday-Blitz-March-26-2024"]
[Site "Chess.com"]
[Date "2024.03.26"]
[Round "9"]
[White "Manukyan_Artak"]
[Black "Byniolus"]
[Result "0-1"]
[WhiteElo "2465"]
[BlackElo "2727"]
[TimeControl "180+1"]
[EndTime "9:40:07 PDT"]
[Termination "Byniolus won on time"]

1. e4 d5 2. exd5 Nf6 3. Nc3 Nxd5 4. Bc4 c6 5. Qf3 Be6 6. Nge2 Nc7 7. Bxe6 Nxe6 8. O-O g6 9. d4 Nxd4 10. Nxd4 Qxd4 11.
Be3 Qh4 12. g3 Qh3 0-1

[Event "Early-Titled-Tuesday-Blitz-March-26-2024"]
[Site "Chess.com"]
[Date "2024.03.26"]
[Round "9"]
[White "toog"]
[Black "CFalcons8"]
[Result "1-0"]
[WhiteElo "2633"]
[BlackElo "2404"]
[TimeControl "180+1"]
[EndTime "9:40:14 PDT"]
[Termination "toog won by checkmate"]

1. d4 d5 2. Nf3 e6 3. Bf4 Nf6 4. e3 c5 5. Nbd2 Nc6 6. c3 cxd4 7. exd4 Nh5 8. Be3 Bd6 9. Ne5 g6 10. g4 Ng7 11. h4 h5 12. Bg5 Qc7 13. Bf6 Kf8 14.
f4 Be7 15. Bxe7+ Qxe7 16. Bd3 hxg4 17. Qxg4 Nxe5 18. fxe5 Nf5 19. Bxf5 exf5 20. Qf4 g5 21. Qf2 gxh4 22. Nf3 h3 23. Qg3 f4 24. Qxf4 Be6 25. O-O-O b5 26. Rdf1 b4 27. Ng5 bxc3 28. bxc3 Rc8 29.
Kd2 Rg8 30. Nh7+ Kg7 31. Nf6 Rh8 32. Rfg1+ Kf8 33. Qh6+ Rxh6 34. Rg8# 1-0

[Event "Early-Titled-Tuesday-Blitz-March-26-2024"]
[Site "Chess.com"]
[Date "2024.03.26"]
[Round "9"]
[White "Philippians46"]
[Black "Bykov_Egor"]
[Result "1-0"]
[WhiteElo "2989"]
[BlackElo "2656"]
[TimeControl "180+1"]
[EndTime "9:40:18 PDT"]
[Termination "Philippians46 won by resignation"]

1. d4 Nf6 2. Nf3 g6 3. Bg5 Bg7 4. Nbd2 d6 5. c3 O-O 6. e4 c5 7. dxc5 dxc5 8. Be2 Qc7 9. O-O h6 10. Bh4 Nh5 11. Qc2 Nc6 12. Nc4 b6 13. Ne3 e6 14.
Rad1 Bb7 15. Rd2 g5 16. Bg3 Nxg3 17. hxg3 Rad8 18. Rfd1 Rxd2 19. Rxd2 Rd8 20. Qa4 Rxd2 21. Nxd2 Bf8 22. Ba6 Ba8 23. Ndc4 Be7 24. Qd1 Ne5 25.
Nxe5 Qxe5 26. Qd7 Bf8 27. Ng4 Qd6 28. Nf6+ Kh8 29. Qxf7 1-0

[Event "Early-Titled-Tuesday-Blitz-March-26-2024"]
[Site "Chess.com"]
[Date "2024.03.26"]
[Round "9"]
[White "kidagent"]
[Black "Better_Chess_Faster"]
[Result "1-0"]
[WhiteElo "2323"]
[BlackElo "2177"]
[TimeControl "180+1"]
[EndTime "9:40:26 PDT"]
[Termination "kidagent won by resignation"]

1. e4 d6 2. d4 Nf6 3. Nc3 g6 4. Nf3 Bg7 5. Bc4 O-O 6. Qe2 Bg4 7. O-O Nc6 8. Be3 e5 9. d5 Nd4 10. Bxd4 exd4 11. Nb5 Re8 12. Nbxd4 Rxe4 13. Qd3 a6 14. Rfe1 Qe8 15. c3 c5 16. dxc6 bxc6 17. Rxe4 Nxe4 18.
Bxf7+ Kxf7 19. Qxe4 Qxe4 20. Ng5+ Kg8 21. Nxe4 c5 22. Nc6 Rc8 23. Ne7+ 1-0

[Event "Early-Titled-Tuesday-Blitz-March-26-2024"]
[Site "Chess.com"]
[Date "2024.03.26"]
[Round "9"]
[White "Revan_2002"]
[Black "Abund"]
[Result "0-1"]
[WhiteElo "2601"]
[BlackElo "2799"]
[TimeControl "180+1"]
[EndTime "9:40:27 PDT"]
[Termination "Abund won by resignation"]

1. d4 d5 2. c4 e6 3. Nc3 Be7 4. cxd5 exd5 5. Bf4 c6 6. e3 Bf5 7. g4 Be6 8. h4 Bxh4 9. Qb3 g5 10. Be5 f6 11. Bh2 Bxg4 12. Qxb7 Qe7 13. Qxa8 Qxe3+ 14. Be2 Bxf2+ 15. Kd1 Qd3+ 0-1

[Event "Early-Titled-Tuesday-Blitz-March-26-2024"]
[Site "Chess.com"]
[Date "2024.03.26"]
[Round "9"]
[White "theoneandonlydaaevik"]
[Black "Irina_Mikhaylova"]
[Result "1-0"]
[WhiteElo "2542"]
[BlackElo "2349"]
[TimeControl "180+1"]
[EndTime "9:40:32 PDT"]
[Termination "theoneandonlydaaevik won by resignation"]

1. d4 Nf6 2. c4 g6 3. Nc3 d5 4. cxd5 Nxd5 5. e4 Nxc3 6. bxc3 Bg7 7. Bc4 c5 8. Ne2 O-O 9. Be3 Nc6 10. O-O Bd7 11.
Rb1 a6 12. Qd2 b5 13. Bd3 cxd4 14. cxd4 Qa5 15. Qxa5 Nxa5 16. Bd2 Nc6 17. e5 Be6 18.
Be4 Bxa2 19. Bxc6 Bxb1 20. Bxa8 Bd3 21. Bf3 Rb8 22. Rc1 f6 23. Nf4 Bc4 24. Bd5+ Bxd5 25. Nxd5 fxe5 26. Nxe7+ Kf7 27. Nc6 Rb6 28. d5 1-0

[Event "Early-Titled-Tuesday-Blitz-March-26-2024"]
[Site "Chess.com"]
[Date "2024.03.26"]
[Round "9"]
[White "zverr1"]
[Black "Knightmare1014"]
[Result "1-0"]
[WhiteElo "2532"]
[BlackElo "2343"]
[TimeControl "180+1"]
[EndTime "9:40:43 PDT"]
[Termination "zverr1 won by checkmate"]

1. e4 c5 2. Nf3 e6 3. b3 Nc6 4. Bb2 d5 5. Bb5 Bd7 6. exd5 exd5 7. O-O Nf6 8. Re1+ Be6 9. Ng5 Be7 10. Nxe6 fxe6 11.
Rxe6 O-O 12. Bxc6 bxc6 13. d3 d4 14. Qe2 Bd6 15. Nd2 Nd5 16. g3 Rc8 17. Re1 Bb8 18. Ne4 Qa5 19. Ng5 h6 20. Rxh6 gxh6 21. Qe6+ Kh8 22.
Qxh6+ Kg8 23. Qh7# 1-0